Map: Frozen Temple

Players

Amix - Winner!

  • Race: Zerg Zerg
  • League: Platinum
  • Spawn Location: 5:00

Hartzfear

  • Race: Terran Terran
  • League: Gold
  • Spawn Location: 11:00

VOD

Have the link to the VOD?

Description

Time

  • Played on: Nov. 12, 2016, 4:08 a.m.
  • Length: 7:30
Show
View Real Time Build Order
Export as new Build Order

Amix Zerg - Winner!

Build Orders: Pool Only 

Get SALT Encoding   

  12  0:05  Drone  
  13  0:10  Drone  
  14  0:16  Extractor  
  13  0:31  Spawning Pool  
  13  0:33  Drone  
  13  0:37  Drone  
  14  0:49  Overlord  
  14  0:57  Extractor  
  14  0:58  Drone  
  15  1:08  Drone  
  16  1:20  Baneling Nest, Drone x2  
  17  1:32  Queen  
  19  1:44  Spine Crawler  
  18  1:51  Drone x2  
  20  1:58  Metabolic Boost  
  20  2:03  Zergling x2  
  21  2:09  Overlord  
  21  2:14  Drone  
  22  2:24  Baneling x2  
  22  2:29  Zergling x2  
  23  2:38  Zergling x2  
  26  2:49  Baneling x2  
  24  2:52  Zergling x6  
  24  2:53  Zergling x2  
  28  3:00  Evolution Chamber  
  28  3:03  Drone  
  28  3:27  Drone x2  
  30  3:35  Overlord x3  
  30  3:39  Lair  
  29  3:51  Zergling x2  
  25  4:23  Zergling x12  
  29  4:39  Zergling x2  
  30  5:00  Zergling x8  
  30  5:04  Baneling x2  
  33  5:12  Centrifical Hooks  
  33  5:25  Zergling x8  
  37  5:30  Baneling  
  37  5:39  Zergling x4  
  38  5:52  Baneling  
  34  6:08  Baneling  
  34  6:11  Baneling  
  32  6:36  Baneling  
  32  6:37  Baneling  
  32  6:39  Drone x3  
  30  7:03  Baneling x3  
  30  7:08  Drone x2  
Show
View Real Time Build Order
Export as new Build Order

Hartzfear Terran 

Build Orders:  

Get SALT Encoding   

  12  0:01  SCV  
  13  0:13  SCV  
  14  0:27  SCV  
  15  0:37  Supply Depot  
  15  1:02  Barracks  
  15  1:06  Barracks  
  15  1:10  Barracks  
  15  1:16  Supply Depot  
  15  1:27  Supply Depot  
  15  1:31  SCV  
  16  1:46  SCV  
  17  1:49  Marine  
  17  1:52  Marine  
  19  1:57  Marine  
  20  2:01  SCV  
  21  2:18  Orbital Command  
  21  2:19  Marine x2  
  21  2:21  Marine  
  24  2:37  Marine x2  
  24  2:39  Marine  
  27  2:55  Marine x2  
  27  2:57  Marine  
  27  2:58  Supply Depot  
  30  3:12  Marine  
  30  3:13  Marine  
  30  3:15  Marine  
  33  3:21  Supply Depot  
  33  3:30  Marine  
  33  3:31  Marine  
  33  3:33  Marine  
  36  3:48  Marine x2  
  36  3:50  Marine  
  21  4:06  Marine x2  
  21  4:08  Marine  
  21  4:24  Marine x2  
  21  4:26  Marine  
  24  4:31  Refinery  
  24  4:36  SCV  
  24  4:37  Refinery  
  25  4:42  Marine x2  
  25  4:43  Supply Depot  
  25  4:44  Marine  
  28  4:59  Marine  
  28  5:00  Marine  
  28  5:02  Marine  
  31  5:17  Marine x2  
  31  5:20  Marine  
  34  5:35  Marine x2  
  35  5:37  Marine  
  37  5:53  Marine x2  
  15  7:09  SCV  
Tags
 
Matchup
TvZ
Opening
Pool Only
Spawn Locations
Cross Positions
Add a new tag
Caveats
  • Supply blocks, unpowered buildings, or Contaminate may cause inaccurate times.
  • Supply counts are checked every 10 seconds.